 Seeded DCSS version 0.31-a0-949-g57150269e1 (webtiles) character file.

Game seed: 20231021 (custom seed)

496 greenreed the Magician (level 6, 0/32 HPs)
             Began as a Deep Elf Earth Elementalist on Oct 21, 2023.
             Slain by a gnoll
             ... wielding a +0 spear
             ... led by a gnoll sergeant
              (4 damage)
             ... on level 5 of the Dungeon.
             The game lasted 00:05:52 (3803 turns).

greenreed the Magician (DEEE)                       Turns: 3803, Time: 00:05:53

Health: 0/32       AC:  2    Str:  5    XL:     6   Next: 93%
Magic:  14/17      EV: 13    Int: 22    God:
Gold:   197        SH:  0    Dex: 15    Spells: 13/17 levels left

rFire   . . .        (no weapon)
rCold   . . .        (no shield)
rNeg    . . .        a - +0 robe
rPois   .            (no helmet)
rElec   .            (no cloak)
rCorr   .            (no gloves)
SInv    .            (no boots)
Will    +....        (no amulet)
Stlth   ++           j - ring of willpower
HPRegen 0.25/turn    (no ring)
MPRegen 0.15/turn

%: no passive effects
@: lethally poisoned (0 -> -3)
A: no striking features
a: no special abilities


You were on level 5 of the Dungeon.
You visited 1 branch of the dungeon, and saw 5 of its levels.
You also visited: Sewer.

You collected 197 gold pieces.

Inventory:

Armour
 a - a +0 robe (worn)
 i - a +1 leather armour of fire resistance
Magical Staves
 m - a staff of cold
Jewellery
 j - a ring of willpower (left hand)
 v - an amulet of guardian spirit
Wands
 r - a wand of mindburst (14)
 u - a wand of roots (7)
Scrolls
 c - a scroll of enchant armour {unknown}
 e - 2 scrolls of blinking {unknown}
 f - 6 scrolls of teleportation
 g - a scroll of vulnerability {unknown}
 h - a scroll of identify {unknown}
 k - a scroll of noise {unknown}
 n - 2 scrolls of enchant weapon {unknown}
 o - 2 scrolls of acquirement {unknown}
 t - a scroll of torment {unknown}
 w - 2 scrolls of fear {unknown}
Potions
 b - a potion of magic
 d - a potion of curing
 l - a potion of brilliance
 s - a potion of lignification
 x - a potion of heal wounds


   Skills:
 + Level 4.2 Dodging
 - Level 2.4 Stealth
 * Level 6.3 Spellcasting
 + Level 1.8 Conjurations
 - Level 2.2 Transmutations
 * Level 5.6 Earth Magic


You had 13 spell levels left.
You knew the following spells:

 Your Spells              Type           Power      Damage    Failure   Level
a - Sandblast             Erth           62%        2d14      1%          1
b - Stone Arrow           Conj/Erth      46%        3d9       5%          3

Your spell library contained the following spells:

 Spells                   Type           Power      Damage    Failure   Level
 Passwall                 Tmut/Erth      20%        N/A       2%          2
 Petrify                  Tmut/Erth      24%        N/A       17%         4
 Brom's Barrelling Bould  Conj/Erth      23%        2d4       19%         4


Dungeon Overview and Level Annotations

Branches:
Dungeon (5/15)              Sewer (visited)
 Temple: D:4-7

Altars:
Hepliaklqana

Shops:
D:1 *


Message History

There is a stone staircase leading down here.
Found an escape hatch in the floor.
f - 6 scrolls of teleportation (gained 1)
Found a stone staircase leading down.
You now have 197 gold pieces (gained 11).
A gnoll comes into view. It is wielding a +0 flail.
A gnoll comes into view. It is wielding a +0 spear.
The gnoll shouts!
A gnoll comes into view. It is wielding a +0 spear.
The gnoll throws a throwing net.
The throwing net barely misses you.
You see here a throwing net.
A gnoll sergeant comes into view. It is wielding a +1 spear of venom.
You can't see any susceptible monsters within range! (Use Z to cast anyway.)
The blast of sand hits the gnoll!!
You kill the gnoll!
The gnoll shouts!
The blast of sand hits the gnoll!!
You kill the gnoll!
The blast of sand hits the gnoll sergeant!
The gnoll sergeant is moderately wounded.
The gnoll sergeant hits you from afar with a +1 spear of venom!
You are poisoned.
The blast of sand hits the gnoll sergeant!
The gnoll sergeant is severely wounded.
You feel very sick. The gnoll sergeant misses you.
The gnoll closely misses you. The gnoll sergeant barely misses you.
The gnoll hits you from afar with a +0 spear!
* * * LOW HITPOINT WARNING * * *
* * * LOW HITPOINT WARNING * * *
You feel sick.
* * * LOW HITPOINT WARNING * * *
You feel sick.
The gnoll sergeant attacks as it pursues you!
The gnoll sergeant barely misses you.
There is a stone staircase leading down here.
* * * LOW HITPOINT WARNING * * *
You feel sick. The gnoll sergeant misses you.
The gnoll hits you from afar with a +0 spear.
You die...

...## ##........ ##
#...###...##..## #.
#........# ..# #..
##......## ..# ###..
##..#...# .# ##..).#
####...#...#
.......##..........#
.......g...####....#
.....).g.@.# ##...##
..#####....##
##...###... #..(..#
##........ #.#...##
#..####...
#..###..####.## .
#...# ##...#..#
.....# ##....##
...##.. #....# ...
## ##....#


You could see a gnoll sergeant and a gnoll.

Vanquished Creatures
  A kobold brigand (Sewer)
  A bullfrog (D:3)
  A scorpion (D:4)
  A jelly (D:4)
  An orc priest (D:3)
  An iguana (D:5)
  An orc wizard (D:4)
  2 gnolls (D:5)
  2 river rats (Sewer)
  8 adders
  2 worms
  A dart slug (D:2)
  5 orcs
  8 ball pythons
  4 endoplasms
  A giant cockroach (D:2)
  12 goblins
  6 hobgoblins
  2 jackals (D:3)
  10 kobolds
  4 quokkas
  4 bats
  3 frilled lizards
  4 rats
  A spectral goblin (D:4)
86 creatures vanquished.

Notes
Turn   | Place    | Note
-------+----------+-------------------------------------------
     0 | D:1      | greenreed the Deep Elf Earth Elementalist began the quest
                  | for the Orb.
     0 | D:1      | Reached XP level 1. HP: 10/10 MP: 6/6
   229 | D:1      | Reached XP level 2. HP: 15/15 MP: 6/8
   447 | D:1      | Found Zynuituf's General Store.
   991 | D:2      | Reached XP level 3. HP: 19/19 MP: 6/10
  1223 | D:2      | Reached skill level 4 in Spellcasting
  1660 | D:3      | Reached XP level 4. HP: 24/24 MP: 8/12
  1753 | D:3      | Noticed a bullfrog
  1755 | D:3      | Killed a bullfrog
  1787 | D:3      | Reached XP level 5. HP: 14/28 MP: 8/14
  1865 | D:3      | Reached skill level 5 in Spellcasting
  1919 | D:3      | Found a faded altar of an unknown god.
  2062 | D:3      | Learned a level 3 spell: Stone Arrow
  2328 | D:4      | Reached skill level 5 in Earth Magic
  2525 | D:4      | Reached XP level 6. HP: 28/32 MP: 12/16
  2567 | D:4      | Reached skill level 1 in Conjurations
  2896 | D:4      | Found a hazy altar of Hepliaklqana.
  3088 | D:5      | Entered Level 5 of the Dungeon
  3190 | D:5      | Found a glowing drain.
  3194 | Sewer    | Entered a sewer
  3280 | Sewer    | Reached skill level 6 in Spellcasting
  3803 | D:5      | Slain by a gnoll

Illustrated notes

Levels and vault maps discovered:
D:1:      minmay_arrival_four_loops, layout_basic, serial_shops, shop
D:2:      layout_rooms, serial_aquarium, aquarium_bridge_straight
          [aquarium_subvault_bridge, aquarium_subvault_wall,
          aquarium_subvault_bridge, aquarium_subvault_window],
          aquarium_window_1, aquarium_window_corner, aquarium_window_corner,
          aquarium_view_2e, aquarium_view_2d, aquarium_balcony_3b
D:3:      layout_rooms, hellmonk_ecumenical_altar_pennies_from_heaven
D:4:      layout_loops_ring, nicolae_hepliaklqana_monster_ancestors
D:5:      layout_layer_cave, nicolae_tso_swordbearing_angel,
          vehumet_altar_wand_db, gammafunk_temple_overflow_statue,
          mainiacjoe_sewer_entry_somewhere_in_here_1, uniq_ijyb,
          uniq_prince_ribbit1

Skill      XL: |  1  2  3  4  5  6 |
---------------+-------------------+-----
Spellcasting   | 4 5 6 |  6.3
Earth Magic    | 4 5 |  5.6
Dodging        | 3 4 |  4.2
Transmutations | 2 |  2.2
Conjurations   | 1 |  1.8
Stealth        | |  2.4

Action                     |  1- 3 |  4- 6 || total
---------------------------+-------+-------++-------
   Cast: Sandblast         |    48 |    81 ||   129
    Use: Potion            |       |     8 ||     8
         Scroll            |       |     2 ||     2
 Armour: Robe              |     2 |    17 ||    19
  Dodge: Dodged            |     6 |    18 ||    24

Table legend: (Time is in decaauts)
 A = Elapsed time spent in this place.
 B = Non-inter-level travel time spent in this place.
 C = Inter-level travel time spent in this place.
 D = Time resting spent in this place.
 E = Time spent auto-exploring this place.
 F = Levels seen in this place.
 G = Mean time per level.
                   A        B        C        D        E       F      G
               +--------+--------+--------+--------+--------+-----+--------+
         Total |   3972 |   3874 |     98 |     90 |   3162 |   6 |  662.0 |
       Dungeon |   3357 |   3259 |     98 |     73 |   2816 |   5 |  671.4 |
         Sewer |    615 |    615 |      0 |     17 |    346 |   1 |  615.0 |
               +--------+--------+--------+--------+--------+-----+--------+

Top non-repeatable levels by time:
     D:4: 1015 daAuts
     D:1: 998 daAuts
   Sewer: 615 daAuts
     D:2: 604 daAuts
     D:3: 515 daAuts
     D:5: 224 daAuts
